 Dungeon Crawl Stone Soup version 0.29.1-15-g9cfb28693d (webtiles) character file.

Game seed: 4883989929052589678

39 Descartes the Ducker (level 3, -6/17 HPs)
             Began as a Felid Monk on Mar 16, 2023.
             Mangled by a worm (12 damage)
             ... on level 1 of the Dungeon.
             The game lasted 00:00:50 (1074 turns).

Descartes the Ducker (Felid Monk)                   Turns: 1074, Time: 00:00:52

Health: -6/17      AC:  1    Str:  9    XL:     3   Next: 28%
Magic:  4/4        EV: 19    Int: 11    God:
Gold:   130        SH:  0    Dex: 18    Spells: 2/2 levels left
                                        Lives:  0   Deaths: 0

rFire   . . .      SeeInvis +     - Unarmed
rCold   . . .      Faith    .   (shield unavailable)
rNeg    . . .      Spirit   .   (body armour unavailable)
rPois   .          Reflect  .   (helmet unavailable)
rElec   .          Harm     .   (cloak unavailable)
rCorr   .          Rampage  .   (gloves unavailable)
Will    .....                   (boots unavailable)
Stlth   +++.......              (no amulet)
HPRegen 0.05/turn               (no ring)
MPRegen 0.09/turn               (no ring)

@: quick
A: very small, claws 1, fangs 3, see invisible, speed 1, shaggy fur 1, stealthy
paws, no weapons or thrown items, no armour, multi-lived
a: no special abilities


You were on level 1 of the Dungeon.
You visited 1 branch of the dungeon, and saw 2 of its levels.

You collected 130 gold pieces.

Inventory:

Jewellery
 i - an amulet of regeneration
Scrolls
 c - a scroll of vulnerability {unknown}
 f - a scroll of blinking {unknown}
 g - a scroll of identify {unknown}
 j - a scroll of torment {unknown}
Potions
 a - a potion of ambrosia
 b - a potion of invisibility {unknown}
 d - a potion of attraction {unknown}
 e - a potion of might {unknown}
 h - a potion of berserk rage {unknown}


   Skills:
 + Level 3.3 Fighting
 + Level 4.5 Dodging
 + Level 3.5 Stealth
 + Level 3.4 Unarmed Combat


You had 2 spell levels left.
You didn't know any spells.
Your spell library was empty.

Dungeon Overview and Level Annotations

Branches:
Dungeon (2/15)

Altars:


Innate Abilities, Weirdness & Mutations

You have sharp claws.
You have razor-sharp teeth.
You have supernaturally acute eyesight. (SInv)
You cover ground quickly. (Speed+)
You are covered in fur. (AC +1)
Your paws help you pounce on unaware monsters.
You are incapable of wielding weapons or throwing items.
You cannot wear armour.
You gain extra lives every three experience levels.


Message History

A jackal comes into view.
The worm completely misses you.
You hear a bark!
You scratch the worm.
The worm is severely wounded.
You scratch the worm.
The worm is severely wounded.
The worm bites you!
Ouch! That really hurt!
The jackal misses you.
You are too injured to fight recklessly!
You are too injured to fight recklessly!
You are too injured to fight recklessly!
You are too injured to fight recklessly!
You are too injured to fight recklessly!
You are too injured to fight recklessly!
You are too injured to fight recklessly!
You are too injured to fight recklessly!
You are too injured to fight recklessly!
You are too injured to fight recklessly!
You are too injured to fight recklessly!
You are too injured to fight recklessly!
You are too injured to fight recklessly!
You are too injured to fight recklessly!
You are too injured to fight recklessly!
You are too injured to fight recklessly!
Unknown command.
You scratch the worm but do no damage. You bite the worm.
The worm is almost dead.
A jackal comes into view.
The jackal closely misses you. The jackal bites you. The worm misses you.
You climb upwards.
There is a stone staircase leading down here.
You scratch the jackal.
The jackal is moderately wounded.
The jackal closely misses you.
The jackal bites you but does no damage.
The worm bites you!
Ouch! That really hurt!
You die...

..).....##.............# #.....##
..†..#..#..............######....
.....#..#.##...).........## #.)..
.....#..#.##...........#..# #.)..
.....#....##.#.........##.###....
.....#.#..##.#.........##........
##...........#.[.......######†...
####.......##...h.....# ##.##
#.......##.w@h.....# #####.##
#.......##.........# #.......
#.......##.........# #.......
#######...........## #.......
####.......## #....... #>......#
#....... #÷......# #.......
#.......# #....... #.......#
#.......


You could see a worm and 2 jackals.

Vanquished Creatures
  2 dart slugs (D:1)
  3 ball pythons (D:1)
  3 bats (D:1)
  3 endoplasms (D:1)
  3 giant cockroaches (D:1)
  2 goblins (D:1)
  2 hobgoblins (D:1)
  4 jackals (D:1)
  2 quokkas (D:1)
  3 frilled lizards (D:1)
  2 kobolds (D:1)
  3 rats (D:1)
32 creatures vanquished.

Notes
Turn   | Place    | Note
-------+----------+-------------------------------------------
     0 | D:1      | Descartes the Felid Monk began the quest for the Orb.
     0 | D:1      | Reached XP level 1. HP: 10/10 MP: 2/2
     6 | D:1      | Noticed a wolf
     6 | D:1      | Noticed a black mamba
     6 | D:1      | Noticed a redback
     7 | D:1      | Noticed a swamp drake
     7 | D:1      | Noticed a polar bear
   228 | D:1      | Reached XP level 2. HP: 14/14 MP: 3/3
   753 | D:1      | Reached XP level 3. HP: 16/17 MP: 4/4
  1074 | D:1      | Mangled by a worm

Illustrated notes

Levels and vault maps discovered:
D:1:      onia_arrival_zoo_common, layout_rooms, serial_park_tiny_pond,
          minmay_misc_feat_roman
D:2:      cheibrodos_greedy_goblins, layout_rooms, minmay_pentomino_v2

Skill      XL: |  1 |
---------------+----+-----
Stealth        | 3 |  3.5
Fighting       | |  3.3
Dodging        | |  4.5
Unarmed Combat | |  3.4

Action                   || total
-------------------------++-------
Melee: Unarmed           ||    71
       Bite              ||     8
 Stab: Sleeping          ||     6
Armor: Skin              ||     3
Dodge: Dodged            ||    51
